AoeStats
← lord_koreano

African Clearing

504692603Analyzed
4v4 RM · 25d ago on Sep 6, 2026· 45m 26s· 8 players
Game mode
Random Map
Map size
Large (8 player)
Population
200
Speed
Normal
Resources
Standard
Victory
Conquest
Starting age
Dark Age
Ending age
Imperial Age
RankedLock teamsTeams togetherTeam positionsShared explorationLock speedFull tech treeHidden civsTurbo modeCheats
Victory
Defeat
🇫🇷 Huns · France
1142
+17
🇧🇷 Malians · Brazil
1134
+17
🇻🇳 Spanish · Vietnam
1110
+18
🇨🇳 Chinese · China
1083
+19
🇲🇽 Mongols · Mexico
1294
-23
🇲🇽 Ethiopians · Mexico
1208
-20
🇲🇽 Persians · Mexico
1109
-22
🇲🇽 Franks · Mexico
1002
-12
cXb_Grilin
14:20 Feudal Age
12:40 Loom
15:20 Double-Bit Axe
17:29 Scale Barding Armor
17:35 Forging
17:20 Horse Collar
19:04 Bloodlines
23:41 Castle Age
21:36 Gold Mining
25:18 Stone Mining
26:29 Gold Shaft Mining
25:57 Heavy Plow
26:10 Bow Saw
27:24 Wheelbarrow
28:56 Husbandry
31:55 Hand Cart
31:32 Town Watch
38:33 Chain Barding Armor
42:21 Imperial Age
41:30 Iron Casting
41:20 Ballistics
41:25 Masonry
41:49 Treadmill Crane
44:00 Plate Barding Armor
43:51 Conscription
42:58 Cavalier
Lam
4:34 Loom
15:26 Feudal Age
19:14 Castle Age
17:49 Double-Bit Axe
17:46 Horse Collar
35:25 Wheelbarrow
34:53 Heavy Plow
35:09 Fletching
35:20 Padded Archer Armor
40:33 Imperial Age
38:19 Hand Cart
38:48 Bodkin Arrow
39:09 Leather Archer Armor
39:00 Scale Barding Armor
39:45 Bloodlines
39:35 Husbandry
40:55 Leather Archer Armor
41:01 Chain Barding Armor
41:47 Conscription
41:20 Elite Conquistador
43:18 Gold Mining
43:20 Stone Mining
44:08 Town Watch
45:14 Stone Shaft Mining
飞翔的圣光
3:21 Loom
13:20 Feudal Age
18:26 Castle Age
17:49 Horse Collar
17:59 Double-Bit Axe
19:40 Fletching
23:43 Scale Mail Armor
30:23 Pikeman
35:33 Town Watch
36:25 Wheelbarrow
37:27 Heavy Plow
37:39 Bow Saw
38:38 Squires
38:23 Arson
45:32 Imperial Age
43:19 Hand Cart
Pasatho
3:29 Loom
12:31 Feudal Age
17:18 Castle Age
19:32 Double-Bit Axe
21:43 Padded Archer Armor
28:53 Fletching
33:08 Thumb Ring
40:33 Bow Saw
40:04 Horse Collar
44:52 Bodkin Arrow
45:12 Leather Archer Armor
SoyKevinCoss
10:53 Loom
12:44 Feudal Age
21:53 Castle Age
21:45 Scale Barding Armor
21:51 Forging
23:44 Town Watch
27:33 Chain Barding Armor
27:48 Iron Casting
30:36 Husbandry
31:57 Padded Archer Armor
31:47 Fletching
31:37 Elite Skirmisher
33:48 Wheelbarrow
35:44 Scale Mail Armor
37:54 Pikeman
38:47 Squires
39:58 Double-Bit Axe
40:46 Chain Mail Armor
lord_koreano
6:08 Loom
15:29 Feudal Age
25:05 Castle Age
24:35 Scale Barding Armor
26:09 Wheelbarrow
27:27 Double-Bit Axe
29:19 Forging
28:57 Horse Collar
41:25 Imperial Age
38:50 Gold Mining
39:15 Bow Saw
39:26 Heavy Plow
38:49 Pikeman
39:47 Bloodlines
39:49 Pikeman
40:53 Scale Mail Armor
41:22 Halberdier
42:18 Squires
42:07 Light Cavalry
43:35 Stone Mining
44:08 Chain Mail Armor
45:11 Iron Casting
MZTK | Vasmart
11:10 Loom
12:56 Feudal Age
17:08 Castle Age
MZTK | Puppet
9:55 Loom
12:04 Feudal Age
16:53 Forging
21:10 Castle Age
21:07 Fletching
21:18 Padded Archer Armor
21:48 Double-Bit Axe
24:42 Wheelbarrow
31:18 Bow Saw
32:20 Bodkin Arrow
35:06 Leather Archer Armor
35:54 Thumb Ring
36:31 Ballistics
37:18 Husbandry
38:52 Bloodlines
43:10 Horse Collar
Connection lost

Rejoining the realm…

Still unreachable

The connection could not be restored.

Session expired

The server has moved on; the page needs a fresh start.